AoeStats
← OmarGutieG

Arabia

509157658Analyzed
2v2 RM · 5d ago on Sep 25, 2026· 27m 5s· 4 players
Game mode
Random Map
Map size
Medium (4 player)
Population
200
Speed
Normal
Resources
Standard
Victory
Conquest
Starting age
Dark Age
Ending age
Imperial Age
RankedLock teamsTeams togetherTeam positionsShared explorationLock speedFull tech treeHidden civsTurbo modeCheats
Victory
Defeat
🇲🇽 Magyars · Mexico
1357
+14
🇲🇽 Maya · Mexico
1345
+15
🇦🇹 Varangians · Austria
1346
-16
🇦🇹 Danes · Austria
1293
-13
Mephisto
6:25 Loom
10:03 Feudal Age
10:40 Double-Bit Axe
10:38 Horse Collar
14:33 Fletching
16:43 Padded Archer Armor
19:06 Wheelbarrow
18:18 Town Watch
23:16 Castle Age
21:42 Stone Mining
21:43 Gold Mining
23:57 Bodkin Arrow
23:24 Crossbowman
24:35 Bow Saw
26:25 Leather Archer Armor
Enkidu
7:27 Loom
9:53 Feudal Age
10:23 Double-Bit Axe
11:13 Horse Collar
20:17 Fletching
20:40 Forging
26:12 Castle Age
26:31 Scale Barding Armor
26:41 Bloodlines
armigame1
6:47 Loom
9:18 Feudal Age
20:17 Castle Age
18:42 Double-Bit Axe
19:17 Bloodlines
19:21 Scale Barding Armor
22:06 Chain Barding Armor
22:20 Gold Mining
OmarGutieG
0:26 Loom
9:07 Feudal Age
13:54 Fletching
15:09 Double-Bit Axe
18:51 Padded Archer Armor
23:19 Castle Age
23:21 Crossbowman
25:23 Bodkin Arrow
27:27 Gold Mining
Connection lost

Rejoining the realm…

Still unreachable

The connection could not be restored.

Session expired

The server has moved on; the page needs a fresh start.